[Event "SVK Extraliga 2019-20"]
[Site "Slovakia"]
[Date "2019.10.22"]
[Round "2.4"]
[White "Stohl, Igor"]
[Black "Malinovsky, Karel"]
[Result "1-0"]
[ECO "D37"]
[WhiteElo "2487"]
[BlackElo "2478"]
[Annotator "ChessBase"]
[PlyCount "139"]
[EventDate "2019.10.19"]
[EventType "team-tourn"]
[EventCountry "SVK"]
[SourceTitle "playchess.com"]
[Source "ChessBase"]
[SourceQuality "1"]
[WhiteTeam "Slovakia"]
[BlackTeam "Czech Republic"]
[WhiteTeamCountry "SVK"]
[BlackTeamCountry "CZE"]
[TimeControl "40/5400+30:1800+30"]

1. d4 d5 2. c4 e6 3. Nf3 Nf6 4. Nc3 Be7 5. Bf4 O-O 6. e3 Nbd7 7. a3 c5 8. cxd5 Nxd5 9. Nxd5 exd5 10. dxc5 Nxc5 11. Be2 Bf6 12. Be5 Re8 13. Bxf6 Qxf6 14. Qd4 Qc6 15. Rd1 Be6 16. O-O Rac8 17. Qb4 Bd7 18. Rc1 b6 19. Rfd1 Qf6 20. Qd4 Qxd4 21. Nxd4 Ba4 22. Bb5 Bxd1 23. Bxe8 Rxe8 24. Rxd1 Kf8 25. Nb5 a5 26. Rxd5 Na4 27. b3 Rc8 28. g4 Nc3 29. Nxc3 Rxc3 30. Rb5 a4 31. bxa4 Rxa3 32. Rb4 h6 33. Kg2 Ra2 34. Kg3 Ke7 35. h4 Kd7 36. h5 Ra3 37. Kf4 Ra2 38. f3 Rc2 39. e4 Rc6 40. e5 Ke6 41. Ke4 Ke7 42. f4 Rc5 43. Rxb6 Rc4+ 44. Kf5 Rxa4 45. Rb7+ Kf8 46. Rb8+ Ke7 47. Rg8 Ra6 48. g5 hxg5 49. Kxg5 f6+ 50. exf6+ gxf6+ 51. Kg6 f5+ 52. Kxf5 Kf7 53. Rg6 Ra5+ 54. Kg4 Ra1 55. Rb6 Kg7 56. Rb7+ Kf6 57. h6 Rg1+ 58. Kf3 Rh1 59. h7 Kf5 60. Kg2 Rh6 61. Kg3 Rh1 62. Ra7 Kg6 63. Kg4 Rg1+ 64. Kf3 Rh1 65. Ke4 Re1+ 66. Kd5 Rh1 67. Ke6 Re1+ 68. Kd6 Rh1 69. Re7 Rd1+ 70. Ke6 1-0

[Event "SVK Extraliga 2019-20"]
[Site "Slovakia"]
[Date "2019.10.20"]
[Round "2.4"]
[White "Petrik, Tomas"]
[Black "Haring, Viktor"]
[Result "1/2-1/2"]
[ECO "A40"]
[WhiteElo "2462"]
[BlackElo "2266"]
[Annotator "ChessBase"]
[PlyCount "197"]
[EventDate "2019.10.19"]
[EventType "team-tourn"]
[EventCountry "SVK"]
[SourceTitle "playchess.com"]
[Source "ChessBase"]
[SourceQuality "1"]
[WhiteTeam "Zilina"]
[BlackTeam "Liptovska"]
[TimeControl "40/5400+30:1800+30"]

1. d4 Nf6 2. c4 e6 3. g3 Bb4+ 4. Nd2 d5 5. Bg2 O-O 6. Ngf3 dxc4 7. Qc2 c5 8. dxc5 c3 9. bxc3 Bxc5 10. O-O Nc6 11. Rb1 Re8 12. Nb3 Bf8 13. Rd1 Qc7 14. Nbd4 Nxd4 15. Nxd4 a6 16. Nf3 Bd7 17. Bf4 Qa5 18. Nd4 e5 19. Nb3 Qc7 20. Bg5 Be6 21. Bxf6 gxf6 22. Be4 h6 23. Nd2 Rab8 24. Bf5 Rec8 25. Ne4 Be7 26. g4 Qc4 27. Rb6 Rc6 28. Rxc6 Qxc6 29. Ng3 Rc8 30. Bxe6 Qxe6 31. Nf5 Bf8 32. h3 b5 33. Qd2 Kh7 34. Qd3 Kg8 35. Qe3 Qxa2 36. Rd7 Qa1+ 37. Kh2 Qxc3 38. Qxc3 Rxc3 39. Rd8 Rc7 40. Ra8 Rb7 41. Nd6 Rb6 42. Nf5 Rb7 43. Nd6 Rc7 44. Rxa6 Bxd6 45. Rxd6 Rb7 46. Rxf6 b4 47. Rd6 b3 48. Rd1 b2 49. Rb1 Kg7 50. Kg3 Kg6 51. Kf3 f5 52. Ke3 f4+ 53. Kd3 Rb3+ 54. Kc4 Rxh3 55. Rxb2 Rh2 56. f3 Kg5 57. Kd5 Kf6 58. Ke4 h5 59. gxh5 Rxh5 60. Rb6+ Ke7 61. Kd5 Kf7 62. Ke4 Ke7 63. Ra6 Kf7 64. Kd5 Rg5 65. Rh6 Rf5 66. Rh7+ Kf6 67. Rh8 Rg5 68. Re8 Rh5 69. Re6+ Kf7 70. Rxe5 Rh2 71. Re4 Kg6 72. Ke6 Kg5 73. Ke5 Rh8 74. Kd4 Rf8 75. Re5+ Kh4 76. Ke4 Kg3 77. Rg5+ Kf2 78. Rf5 Rg8 79. Kxf4 Kxe2 80. Rf7 Kf2 81. Rf6 Re8 82. Rf5 Rg8 83. Rf7 Re8 84. Kg5 Rg8+ 85. Kh6 Ke3 86. f4 Ke4 87. f5 Ke5 88. Kh7 Rg1 89. Rf8 Rg2 90. f6 Ke6 91. Kh6 Rg1 92. f7 Ke7 93. Rg8 Rh1+ 94. Kg6 Rg1+ 95. Kh5 Rh1+ 96. Kg6 Rg1+ 97. Kf5 Rf1+ 98. Ke5 Kxf7 99. Ke4 1/2-1/2

[Event "SVK Extraliga 2019-20"]
[Site "Slovakia"]
[Date "2019.10.20"]
[Round "2.4"]
[White "Bagi, Mate"]
[Black "Dovzik, Juri"]
[Result "1-0"]
[ECO "B47"]
[WhiteElo "2461"]
[BlackElo "2276"]
[Annotator "ChessBase"]
[PlyCount "43"]
[EventDate "2019.10.19"]
[EventType "team-tourn"]
[EventCountry "SVK"]
[SourceTitle "playchess.com"]
[Source "ChessBase"]
[SourceQuality "1"]
[WhiteTeam "Streda"]
[TimeControl "40/5400+30:1800+30"]

1. e4 c5 2. Nf3 e6 3. d4 cxd4 4. Nxd4 Nc6 5. Nc3 Qc7 6. Be2 a6 7. O-O Nf6 8. Be3 Be7 9. f4 d6 10. a4 O-O 11. Kh1 Nxd4 12. Bxd4 e5 13. Be3 exf4 14. Bxf4 Be6 15. Rc1 Rac8 16. Qd2 Nd7 17. Nd5 Bxd5 18. Qxd5 Nb6 19. Qb3 Bf6 20. Qg3 Bxb2 21. Bxd6 Qc3 22. Rb1 1-0

[Event "SVK Extraliga 2019-20"]
[Site "Slovakia"]
[Date "2019.10.20"]
[Round "2.4"]
[White "Likavsky, Tomas"]
[Black "Mrva, Martin"]
[Result "0-1"]
[ECO "A40"]
[WhiteElo "2423"]
[BlackElo "2401"]
[Annotator "ChessBase"]
[PlyCount "106"]
[EventDate "2019.10.19"]
[EventType "team-tourn"]
[EventCountry "SVK"]
[SourceTitle "playchess.com"]
[Source "ChessBase"]
[SourceQuality "1"]
[WhiteTeam "Podhajska"]
[BlackTeam "Snina"]
[TimeControl "40/5400+30:1800+30"]

1. d4 a6 2. e4 d6 3. c4 e5 4. Nf3 Nc6 5. Be2 Be7 6. Nc3 exd4 7. Nxd4 Nxd4 8. Qxd4 Bf6 9. Qd3 Ne7 10. O-O O-O 11. Be3 Nc6 12. Rad1 Re8 13. Qc2 Bxc3 14. Qxc3 Qe7 15. Bd3 Ne5 16. Bb1 b6 17. f3 Ng6 18. Rf2 Bb7 19. Rfd2 Bc6 20. Kh1 a5 21. Bd4 f6 22. b3 Nf4 23. Qe3 Ne6 24. Bc3 Qf7 25. Qf2 Nf8 26. Bd3 Kh8 27. g4 Ng6 28. Qg3 Ne5 29. Bb1 a4 30. Rg1 axb3 31. axb3 Ra3 32. Bxe5 Rxe5 33. Bc2 Ra2 34. Qf4 h6 35. Rc1 Rc5 36. Bd1 Ra3 37. Rb2 Qe8 38. Qd2 Re5 39. Kg1 Rg5 40. Ra2 Rxa2 41. Qxa2 f5 42. h3 fxe4 43. f4 Ra5 44. Qg2 Qa8 45. Qd2 Ra2 46. Bc2 Qa3 47. Qe3 Qb2 48. Kf2 Bb7 49. Kg3 b5 50. Kh4 Qf6+ 51. Kg3 bxc4 52. bxc4 g5 53. Bb3 gxf4+ 0-1

[Event "SVK Extraliga 2019-20"]
[Site "Slovakia"]
[Date "2019.10.20"]
[Round "2.4"]
[White "Smolen, Jan"]
[Black "Szustakowski, Antoni"]
[Result "1-0"]
[ECO "A06"]
[WhiteElo "2419"]
[BlackElo "2300"]
[Annotator "ChessBase"]
[PlyCount "111"]
[EventDate "2019.10.19"]
[EventType "team-tourn"]
[EventCountry "SVK"]
[SourceTitle "playchess.com"]
[Source "ChessBase"]
[SourceQuality "1"]
[TimeControl "40/5400+30:1800+30"]

1. Nf3 d5 2. g3 c6 3. Bg2 Bg4 4. O-O e6 5. d3 Nd7 6. Nbd2 Bd6 7. h3 Bh5 8. e4 Ne7 9. Qe1 O-O 10. g4 Bg6 11. Nh4 h6 12. f4 Bh7 13. Ndf3 dxe4 14. dxe4 Nf6 15. Nd2 Bc5+ 16. Kh1 Ng6 17. Nxg6 Bxg6 18. a4 Re8 19. Nb3 Bf8 20. Bd2 Nd7 21. Bc3 Qc7 22. Qf2 Bh7 23. Rae1 b6 24. Nd2 Rad8 25. Nc4 Bc5 26. Qg3 b5 27. Ba5 Nb6 28. Ne5 f6 29. Nd3 Be7 30. e5 Bxd3 31. cxd3 fxe5 32. Rxe5 Qd6 33. axb5 cxb5 34. Rxb5 Qxd3 35. Qxd3 Rxd3 36. Bxb6 Rb8 37. Bc5 Rxb5 38. Bxe7 Rxb2 39. g5 Rdd2 40. Rg1 Kf7 41. Ba3 Ra2 42. Bb4 Rdc2 43. g6+ Kf6 44. Bd6 Rxg2 45. Rxg2 Rxg2 46. Kxg2 Kxg6 47. Kf3 Kf5 48. Bf8 Kf6 49. h4 g5 50. h5 e5 51. fxe5+ Kxe5 52. Kg4 Kf6 53. Bxh6 a5 54. Bxg5+ Kg7 55. Bc1 a4 56. Kg5 1-0

[Event "SVK Extraliga 2019-20"]
[Site "Slovakia"]
[Date "2019.10.20"]
[Round "2.4"]
[White "Motuz, Karol"]
[Black "Lintner, Igor"]
[Result "1-0"]
[ECO "E00"]
[WhiteElo "2359"]
[BlackElo "2187"]
[Annotator "NA"]
[PlyCount "83"]
[EventDate "2019.10.19"]
[EventType "team-tourn"]
[EventCountry "SVK"]
[SourceTitle "playchess.com"]
[Source "ChessBase"]
[SourceQuality "1"]
[WhiteTeam "Dubnica"]
[BlackTeam "Osuske"]
[TimeControl "40/5400+30:1800+30"]

1. d4 e6 2. c4 Bb4+ 3. Bd2 a5 4. a3 Be7 5. Nc3 d5 6. Nf3 Nf6 7. Bg5 Nbd7 8. e3 O-O 9. Bd3 c6 10. O-O Re8 11. Qc2 Nf8 12. Ne5 N6d7 13. Bxe7 Qxe7 14. f4 f6 $16 15. Nf3 dxc4 16. Bxc4 b5 17. Bb3 Kh8 18. Ne4 Bb7 19. Rac1 Rad8 20. Qc3 a4 21. Ba2 Nb6 22. Nc5 Bc8 23. e4 Ng6 24. Qe3 e5 25. dxe5 fxe5 26. f5 Nh4 27. Ng5 Nc4 28. Bxc4 bxc4 29. g3 Rd4 30. Nge6 Bxe6 31. Nxe6 Rd3 32. Qe2 Qa7+ 33. Kh1 Nxf5 34. exf5 Qa5 35. Rxc4 Rd2 36. Qe4 Rxb2 37. Qxc6 Rg8 38. Rc2 Rb6 39. Qe4 Rb3 40. Rc5 Qd2 41. Rc2 Qa5 42. Ng5 1-0

[Event "SVK Extraliga 2019-20"]
[Site "Slovakia"]
[Date "2019.10.20"]
[Round "2.5"]
[White "Pacher, Milan"]
[Black "Maslik, Miroslav"]
[Result "1-0"]
[ECO "C10"]
[WhiteElo "2437"]
[BlackElo "2363"]
[Annotator "ChessBase"]
[PlyCount "59"]
[EventDate "2019.10.19"]
[EventType "team-tourn"]
[EventCountry "SVK"]
[SourceTitle "playchess.com"]
[Source "ChessBase"]
[SourceQuality "1"]
[WhiteTeam "Slovakia"]
[BlackTeam "Slovakia"]
[WhiteTeamCountry "SVK"]
[BlackTeamCountry "SVK"]
[TimeControl "40/5400+30:1800+30"]

1. e4 e6 2. d4 d5 3. Nc3 Nc6 4. e5 f6 5. Bb5 Bd7 6. Nf3 a6 7. Bxc6 Bxc6 8. Bf4 Qd7 9. h4 h5 10. Qd3 O-O-O 11. O-O Ne7 12. b4 Nf5 13. Rfb1 Bb5 14. Nxb5 Qxb5 15. Qxb5 axb5 16. a4 bxa4 17. Rxa4 Kd7 18. b5 g5 19. hxg5 fxg5 20. Bxg5 Be7 21. Bxe7 Kxe7 22. c4 Ra8 23. Rba1 Rxa4 24. Rxa4 dxc4 25. Rxc4 Kd7 26. Ng5 Rd8 27. Ne4 Kc8 28. b6 Rxd4 29. Rxc7+ Kd8 30. Nc5 1-0

[Event "SVK Extraliga 2019-20"]
[Site "Slovakia"]
[Date "2019.10.20"]
[Round "2.5"]
[White "Mikrut, Dariusz"]
[Black "Pniaczek, Marek"]
[Result "1/2-1/2"]
[ECO "A45"]
[WhiteElo "2384"]
[BlackElo "2118"]
[Annotator "ChessBase"]
[PlyCount "39"]
[EventDate "2019.10.19"]
[EventType "team-tourn"]
[EventCountry "SVK"]
[SourceTitle "playchess.com"]
[Source "ChessBase"]
[SourceQuality "1"]
[WhiteTeam "Prakovce"]
[TimeControl "40/5400+30:1800+30"]

1. d4 Nf6 2. Bg5 Ne4 3. Bf4 d5 4. Nd2 Bf5 5. e3 Nxd2 6. Qxd2 e6 7. Nf3 Bd6 8. Bxd6 Qxd6 9. c4 c6 10. Nh4 Be4 11. f3 Bg6 12. Nxg6 hxg6 13. f4 Nd7 14. c5 Qc7 15. b4 b6 16. Rc1 O-O 17. Bd3 a5 18. a3 axb4 19. axb4 b5 20. O-O 1/2-1/2

[Event "SVK Extraliga 2019-20"]
[Site "Slovakia"]
[Date "2019.10.20"]
[Round "2.5"]
[White "Pcola, Pavol"]
[Black "Vass, Frantisek"]
[Result "1/2-1/2"]
[ECO "A11"]
[WhiteElo "2380"]
[BlackElo "2310"]
[Annotator "ChessBase"]
[PlyCount "31"]
[EventDate "2019.10.19"]
[EventType "team-tourn"]
[EventCountry "SVK"]
[SourceTitle "playchess.com"]
[Source "ChessBase"]
[SourceQuality "1"]
[WhiteTeam "Snina"]
[BlackTeam "Podhajska"]
[TimeControl "40/5400+30:1800+30"]

1. c4 c6 2. Nf3 d5 3. g3 Nf6 4. Bg2 g6 5. b3 Bg7 6. Bb2 O-O 7. O-O Nbd7 8. cxd5 cxd5 9. d4 Ne4 10. Nc3 Ndf6 11. Rc1 Bf5 12. h3 Rc8 13. g4 Nxc3 14. Rxc3 Rxc3 15. Bxc3 Be4 16. Qd2 1/2-1/2

[Event "SVK Extraliga 2019-20"]
[Site "Slovakia"]
[Date "2019.10.20"]
[Round "2.5"]
[White "Frindt, Kornel"]
[Black "Czebe, Attila"]
[Result "0-1"]
[ECO "A41"]
[WhiteElo "2196"]
[BlackElo "2358"]
[Annotator "ChessBase"]
[PlyCount "114"]
[EventDate "2019.10.19"]
[EventType "team-tourn"]
[EventCountry "SVK"]
[SourceTitle "playchess.com"]
[Source "ChessBase"]
[SourceQuality "1"]
[BlackTeam "Streda"]
[TimeControl "40/5400+30:1800+30"]

1. d4 d6 2. Nf3 g6 3. c4 Bg7 4. Nc3 e5 5. dxe5 dxe5 6. Qxd8+ Kxd8 7. e4 f6 8. Be3 Be6 9. O-O-O+ Nd7 10. Be2 Bh6 11. Bxh6 Nxh6 12. Ne1 c6 13. b3 Kc7 14. Nd3 Rhe8 15. Rd2 Rad8 16. Rhd1 Nf8 17. Nc5 Rxd2 18. Rxd2 Bc8 19. b4 Ne6 20. Nxe6+ Bxe6 21. c5 Nf7 22. Kb2 Rb8 23. a3 b6 24. Na4 Ng5 25. f3 Bd7 26. cxb6+ axb6 27. Bc4 Be6 28. Be2 Nf7 29. b5 c5 30. Nc3 Nd6 31. Nd5+ Bxd5 32. Rxd5 Ra8 33. Kb3 Nb7 34. a4 Nd8 35. Bd1 Ne6 36. Rd2 Nd4+ 37. Kc4 f5 38. Ra2 Kd6 39. Ra1 Kc7 40. Rb1 Rd8 41. Kc3 fxe4 42. fxe4 Rf8 43. Rb2 Rf1 44. Rd2 Re1 45. Kd3 Kd6 46. h4 h6 47. h5 gxh5 48. Bxh5 Ra1 49. Bd1 Rc1 50. Bg4 c4+ 51. Ke3 Kc5 52. Ra2 c3 53. a5 c2 54. Kd2 Rg1 55. Rxc2+ Nxc2 56. a6 Rxg2+ 57. Be2 Nd4 0-1

[Event "SVK Extraliga 2019-20"]
[Site "Slovakia"]
[Date "2019.10.20"]
[Round "2.5"]
[White "Hros, Roman"]
[Black "Druska, Juraj"]
[Result "0-1"]
[ECO "B20"]
[WhiteElo "2196"]
[BlackElo "2472"]
[Annotator "ChessBase"]
[PlyCount "64"]
[EventDate "2019.10.19"]
[EventType "team-tourn"]
[EventCountry "SVK"]
[SourceTitle "playchess.com"]
[Source "ChessBase"]
[SourceQuality "1"]
[WhiteTeam "Liptovska"]
[BlackTeam "Prakovce"]
[TimeControl "40/5400+30:1800+30"]

1. e4 c5 2. Be2 Nc6 3. f4 g6 4. Nf3 Bg7 5. O-O e6 6. c3 Nge7 7. d3 O-O 8. Qe1 b5 9. Be3 d6 10. Qh4 f5 11. Nbd2 b4 12. Rac1 bxc3 13. bxc3 Rb8 14. Rc2 Qd7 15. g4 Ba6 16. Re1 e5 17. fxe5 Nxe5 18. Nxe5 Bxe5 19. Nf3 Bg7 20. gxf5 gxf5 21. d4 Bxe2 22. Rcxe2 cxd4 23. Bxd4 Ng6 24. Qg5 fxe4 25. Qd5+ Kh8 26. Ng5 Nf4 27. Qxe4 Qg4+ 28. Kh1 Qxg5 29. Rg1 Qxg1+ 30. Kxg1 Nxe2+ 31. Qxe2 Bxd4+ 32. cxd4 Rg8+ 0-1

[Event "SVK Extraliga 2019-20"]
[Site "Slovakia"]
[Date "2019.10.20"]
[Round "2.5"]
[White "Bochnicka, Vladimir"]
[Black "Piesik, Piotr"]
[Result "0-1"]
[ECO "B06"]
[WhiteElo "2087"]
[BlackElo "2407"]
[Annotator "NA"]
[PlyCount "126"]
[EventDate "2019.10.19"]
[EventType "team-tourn"]
[EventCountry "SVK"]
[SourceTitle "playchess.com"]
[Source "ChessBase"]
[SourceQuality "1"]
[WhiteTeam "Modra"]
[BlackTeam "Dubnica"]
[TimeControl "40/5400+30:1800+30"]

1. e4 g6 2. d4 Bg7 3. Nf3 d6 4. Bc4 Nf6 5. Qe2 c6 6. Bb3 O-O 7. O-O Bg4 8. Nbd2 Nh5 {[%emt 0:11:48] B06: Modern Defence} (8... e5 9. dxe5 dxe5 10. h3 Bxf3 11. Nxf3 Nbd7 12. c3 Qe7 13. Bc2 a5 14. a4 Nh5 15. g3 Nc5 16. Kg2 Rfe8 {1-0 (81) Indjic,A (2620)-Guseinov,G (2664) St Petersburg 2018}) 9. h3 Bxf3 10. Nxf3 e5 11. dxe5 $146 ({Predecessor:} 11. Bg5 Qc7 12. Rad1 h6 13. Be3 Re8 14. dxe5 dxe5 15. Nh4 Kh7 16. Qf3 {1-0 (35) Gombac,J (2132)-Skoberne,J (1894) Slovenia 2002}) 11... dxe5 12. Rd1 Qc7 13. Bg5 Na6 14. Bc4 b5 15. Bb3 Nf4 16. Qf1 Nc5 17. g3 Nfe6 18. Qe1 a5 19. Bxe6 Nxe6 20. c3 a4 21. Rd2 Nxg5 22. Nxg5 Bh6 23. h4 Qe7 24. Rad1 Bxg5 25. Rd7 Qe6 26. hxg5 Qxa2 27. R1d2 a3 28. bxa3 Qc4 29. Qe3 Rxa3 $15 30. Rd8 Ra1+ 31. Kh2 Ra8 32. Qb6 Kg7 33. Rxa8 Rxa8 34. Rd7 Qxe4 35. Rxf7+ Kxf7 36. Qb7+ Ke6 37. Qxa8 Qf3 38. Qg8+ Qf7 39. Qc8+ Qd7 40. Qg8+ Kf5 41. Qh8 Ke4 42. Qf6 Qc7 43. Qe6 Kf3 44. Kg1 Ke2 45. Qa2+ Kd3 46. Qb3 Qb7 47. c4+ Kd4 48. Qb4 c5 49. Qb2+ Kxc4 50. Qa2+ Kd4 51. Qd2+ Ke4 52. g4 Kf3 53. Qe3+ Kxg4 54. Qxc5 Kf5 55. Qd6 e4 56. Qf6+ Kg4 57. Kg2 b4 58. Qe5 b3 59. Qe6+ Kxg5 60. Qe5+ Kh6 61. Qf6 b2 62. Qf8+ Kh5 63. Qc5+ g5 0-1

[Event "SVK Extraliga 2019-20"]
[Site "Slovakia"]
[Date "2019.10.20"]
[Round "2.6"]
[White "Jurcik, Martin"]
[Black "Tropp, Oliver"]
[Result "1-0"]
[ECO "C05"]
[WhiteElo "2360"]
[BlackElo "2157"]
[Annotator "NA"]
[PlyCount "61"]
[EventDate "2019.10.19"]
[EventType "team-tourn"]
[EventCountry "SVK"]
[SourceTitle "playchess.com"]
[Source "ChessBase"]
[SourceQuality "1"]
[WhiteTeam "Dunajov"]
[BlackTeam "Liptovska"]
[TimeControl "40/5400+30:1800+30"]

1. e4 e6 2. d4 d5 3. Nd2 Nf6 4. e5 Nfd7 5. Bd3 c5 6. c3 b6 7. Ndf3 Be7 8. Ne2 Ba6 9. Bb1 Nc6 10. O-O {[%emt 0:00:57] C06: French Tarrasch: 3...Nf6 4 e5 Nfd7 5 Bd3 main lines} g5 (10... h6 11. Re1 g5 12. Be3 h5 13. Qa4 Bb7 14. Nd2 a6 15. f4 b5 16. Qd1 cxd4 17. cxd4 Qb6 {½-½ (46) Idani,P (2502)-Wang,Y (2415) Sharjah 2014}) 11. Be3 g4 12. Ne1 Bg5 $146 ({Predecessor:} 12... Qc7 13. f4 h5 14. f5 O-O-O 15. Nd3 Rdg8 16. Qd2 h4 17. Bc2 h3 {1-0 (32) Yuldashev,S (2029)-Ahamed,H Udaipur 2000}) 13. Qd2 Bxe3 14. Qxe3 cxd4 15. cxd4 Bxe2 16. Qxe2 Qg5 17. f4 gxf3 18. Nxf3 Qf4 19. Qf2 Rc8 20. g3 Qg4 21. Bc2 a6 (21... O-O $16) 22. Rad1 b5 23. Bb1 O-O 24. Qd2 $16 Qg7 25. Ng5 Nxd4 26. Nxh7 Rc4 27. Nxf8 Nxe5 28. Kh1 Ndf3 29. Qe2 Kxf8 30. Rxf3 Qg4 31. Rf2 1-0

[Event "SVK Extraliga 2019-20"]
[Site "Slovakia"]
[Date "2019.10.20"]
[Round "2.6"]
[White "Csonka, Attila Istvan"]
[Black "Najgebauer, Szemjon"]
[Result "1/2-1/2"]
[ECO "B33"]
[WhiteElo "2355"]
[BlackElo "2186"]
[Annotator "ChessBase"]
[PlyCount "119"]
[EventDate "2019.10.19"]
[EventType "team-tourn"]
[EventCountry "SVK"]
[SourceTitle "playchess.com"]
[Source "ChessBase"]
[SourceQuality "1"]
[TimeControl "40/5400+30:1800+30"]

1. e4 c5 2. Nf3 Nc6 3. d4 cxd4 4. Nxd4 Nf6 5. Nc3 e5 6. Ndb5 d6 7. Bg5 a6 8. Na3 b5 9. Nd5 Be7 10. Bxf6 Bxf6 11. c4 b4 12. Nc2 Rb8 13. b3 Bg5 14. g3 O-O 15. h4 Bh6 16. Bh3 Be6 17. Kf1 a5 18. Kg2 Rb7 19. Qh5 Nb8 20. Bf5 Bxd5 21. cxd5 Nd7 22. Ne3 Nf6 23. Qf3 Bxe3 24. Qxe3 Nd7 25. h5 Nc5 26. Rh4 h6 27. Rhh1 Qe7 28. Rac1 Ra8 29. Rhd1 Qg5 30. Qe2 a4 31. Rxc5 dxc5 32. d6 axb3 33. axb3 Rd8 34. Rd5 Qf6 35. Qa6 Rbb8 36. Qc6 g6 37. Bh3 gxh5 38. Qxc5 h4 39. d7 hxg3 40. fxg3 Ra8 41. Rd2 Qg5 42. Rf2 Kh8 43. Bf5 f6 44. Qxb4 Rg8 45. Qc3 Qh4 46. Qf3 Ra1 47. Bh3 Rxg3+ 48. Qxg3 Rg1+ 49. Kxg1 Qxg3+ 50. Rg2 Qe3+ 51. Rf2 Qg3+ 52. Bg2 Qd3 53. Rxf6 Kg7 54. Rf3 Qxd7 55. Kh2 Qd4 56. Rg3+ Kf6 57. Rf3+ Kg6 58. Rg3+ Kf6 59. Rf3+ Kg6 60. Rg3+ 1/2-1/2

[Event "SVK Extraliga 2019-20"]
[Site "Slovakia"]
[Date "2019.10.22"]
[Round "2.6"]
[White "Schwarz, Dusan"]
[Black "Kostolansky, Sebastian Lukas"]
[Result "0-1"]
[ECO "A65"]
[WhiteElo "2315"]
[BlackElo "2418"]
[Annotator "ChessBase"]
[PlyCount "84"]
[EventDate "2019.10.19"]
[EventType "team-tourn"]
[EventCountry "SVK"]
[SourceTitle "playchess.com"]
[Source "ChessBase"]
[SourceQuality "1"]
[WhiteTeam "Slovakia"]
[BlackTeam "Slovakia"]
[WhiteTeamCountry "SVK"]
[BlackTeamCountry "SVK"]
[TimeControl "40/5400+30:1800+30"]

1. d4 Nf6 2. c4 g6 3. Nc3 Bg7 4. e4 d6 5. f3 O-O 6. Nge2 c5 7. d5 e6 8. Ng3 exd5 9. cxd5 Na6 10. Be2 Nc7 11. a4 a6 12. O-O b6 13. Bg5 h6 14. Be3 Re8 15. Qd2 Kh7 16. Rab1 Bb7 17. Rfe1 Nfxd5 18. Bf2 Nb4 19. a5 b5 20. Rbd1 Ne6 21. Qxd6 Bd4 22. Rxd4 Nxd4 23. Qxc5 Nxe2+ 24. Rxe2 Nd3 25. Qb6 Qxb6 26. Bxb6 Rac8 27. Rd2 Nxb2 28. Rd7 Kg8 29. Rxb7 Rxc3 30. Ne2 Ra3 31. Ra7 Nd3 32. h4 b4 33. h5 g5 34. Rb7 b3 35. Bd4 b2 36. Nc3 Rc8 37. Nd5 Rc1+ 38. Kh2 b1=Q 39. Nf6+ Kf8 40. Nd7+ Ke8 41. Nf6+ Kd8 42. Bb6+ Kc8 0-1

[Event "SVK Extraliga 2019-20"]
[Site "Slovakia"]
[Date "2019.10.20"]
[Round "2.6"]
[White "Vojtek, Vladimir"]
[Black "Bochnickova, Andrea"]
[Result "1-0"]
[ECO "C42"]
[WhiteElo "2312"]
[BlackElo "2122"]
[Annotator "NA"]
[PlyCount "77"]
[EventDate "2019.10.19"]
[EventType "team-tourn"]
[EventCountry "SVK"]
[SourceTitle "playchess.com"]
[Source "ChessBase"]
[SourceQuality "1"]
[WhiteTeam "Dubnica"]
[TimeControl "40/5400+30:1800+30"]

1. e4 e5 2. Nf3 Nf6 3. Nxe5 d6 4. Nd3 Nxe4 5. Qe2 Qe7 6. Nf4 $11 c6 7. Nc3 Nxc3 8. dxc3 Qxe2+ 9. Bxe2 Bf5 10. Nd3 d5 11. Be3 Be7 12. O-O-O Nd7 13. g4 Be4 14. f3 Bxd3 15. cxd3 O-O 16. f4 Rfe8 17. Kd2 b5 18. g5 Bc5 19. d4 Bd6 20. Bg4 Nb6 21. b3 Re7 22. Kd3 a5 23. h4 a4 24. f5 f6 25. gxf6 gxf6 26. Rhg1 Kh8 27. h5 Rae8 28. Bd2 Re4 29. Bf3 Rh4 30. Rde1 Rd8 31. Re6 c5 32. Bh6 c4+ 33. bxc4 bxc4+ 34. Ke3 Bf8 35. Bxf8 Rxf8 36. Rxb6 Rh2 37. Bxd5 Rxh5 38. Bxc4 Rc8 39. Rxf6 1-0

[Event "SVK Extraliga 2019-20"]
[Site "Slovakia"]
[Date "2019.10.20"]
[Round "2.6"]
[White "Cibickova, Zuzana"]
[Black "Pinter, Erik"]
[Result "1/2-1/2"]
[ECO "B10"]
[WhiteElo "2258"]
[BlackElo "2350"]
[Annotator "NA"]
[PlyCount "100"]
[EventDate "2019.10.19"]
[EventType "team-tourn"]
[EventCountry "SVK"]
[SourceTitle "playchess.com"]
[Source "ChessBase"]
[SourceQuality "1"]
[WhiteTeam "Komarno"]
[BlackTeam "Snina"]
[TimeControl "40/5400+30:1800+30"]

1. e4 c6 2. Nc3 d5 3. Nf3 dxe4 4. Nxe4 Nf6 5. Nxf6+ exf6 6. d4 Bd6 7. Be2 O-O 8. O-O Re8 9. b3 Nd7 10. Bb2 a5 11. a3 Nf8 12. Re1 Ng6 13. Bf1 Nf4 14. Rxe8+ Qxe8 15. Ne1 Bf5 16. Nd3 Ne6 17. Qf3 Bg6 18. h4 $11 h5 19. Re1 Qd7 20. Rd1 Qe7 21. a4 Rd8 22. c3 Ba3 23. Bc1 Bxc1 24. Nxc1 Nc7 25. Bd3 Nd5 26. Bxg6 fxg6 27. c4 Nc7 28. Ne2 Kh7 29. Nf4 Qf7 30. Qc3 b6 31. Qf3 Ne6 32. Nxe6 Qxe6 33. g3 Rd6 34. Kg2 Qd7 35. Qf4 Qd8 36. Rd3 Qd7 37. Rd2 Qd8 38. Qe4 Qd7 39. d5 Qd8 40. Rd3 Kh6 41. Kf1 Kh7 42. Ke2 Qc8 43. Qf4 Qd7 44. dxc6 Re6+ 45. Re3 Rxc6 46. Kf1 Rd6 47. Kg2 Rd1 48. Qf3 Rd2 49. Re2 Rxe2 50. Qxe2 Qd4 1/2-1/2

[Event "SVK Extraliga 2019-20"]
[Site "Slovakia"]
[Date "2019.10.20"]
[Round "2.7"]
[White "Briestensky, Rastislav"]
[Black "Banas, Kamil"]
[Result "1-0"]
[ECO "C44"]
[WhiteElo "2344"]
[BlackElo "2280"]
[Annotator "ChessBase"]
[PlyCount "29"]
[EventDate "2019.10.19"]
[EventType "team-tourn"]
[EventCountry "SVK"]
[SourceTitle "playchess.com"]
[Source "ChessBase"]
[SourceQuality "1"]
[WhiteTeam "Slovakia"]
[BlackTeam "Slovakia"]
[WhiteTeamCountry "SVK"]
[BlackTeamCountry "SVK"]
[TimeControl "40/5400+30:1800+30"]

1. e4 e5 2. Nf3 Nf6 3. d3 Nc6 4. c4 Bc5 5. Be2 d6 6. O-O Bg4 7. Nc3 h6 8. Be3 a5 9. Nb5 Qe7 10. h3 Bc8 11. Nc3 Nd8 12. d4 exd4 13. Nxd4 Nxe4 14. Nd5 Qd7 15. Bg4 1-0

[Event "SVK Extraliga 2019-20"]
[Site "Slovakia"]
[Date "2019.10.20"]
[Round "2.7"]
[White "Krak, Tomas"]
[Black "Maslikova, Veronika"]
[Result "1-0"]
[ECO "A05"]
[WhiteElo "2269"]
[BlackElo "2230"]
[Annotator "NA"]
[PlyCount "41"]
[EventDate "2019.10.19"]
[EventType "team-tourn"]
[EventCountry "SVK"]
[SourceTitle "playchess.com"]
[Source "ChessBase"]
[SourceQuality "1"]
[WhiteTeam "Snina"]
[BlackTeam "Podhajska"]
[TimeControl "40/5400+30:1800+30"]

1. Nf3 Nf6 2. c4 e6 3. g3 Be7 4. Bg2 O-O 5. O-O d6 6. d4 Nbd7 7. Nc3 Re8 8. b3 e5 9. Qc2 c6 10. Bb2 Qc7 11. Rfd1 a5 $14 12. c5 Qb8 13. cxd6 Bxd6 14. Ng5 exd4 15. Rxd4 h6 16. Nf3 Bc5 17. Rf4 Bd6 18. Rh4 Ra6 19. Rd1 Bf8 20. Ne4 c5 21. e3 1-0